 Dungeon Crawl Stone Soup version 0.16.1-7-g2c6721e (webtiles) character file.

114 valak23 the Shield-Bearer (level 4, -10/38 HPs)
             Began as a Demigod Fighter on Mar 29, 2015.
             Mangled by a goliath beetle (20 damage)
             ... on level 3 of the Dungeon.
             The game lasted 00:05:44 (1933 turns).

valak23 the Shield-Bearer (Demigod Fighter)         Turns: 1933, Time: 00:05:44

Health: -10/38     AC:  8    Str: 25 (26) XL:     4   Next: 40%
Magic:  7/7        EV:  8    Int: 12      God:
Gold:   91         SH: 11    Dex: 15      Spells: 0 memorised, 3 levels left

rFire  + . .     SeeInvis .     a - +1 long sword
rCold  . . .     Clarity  .     b - +0 scale mail
rNeg   . . .     SustAb   +     c - +1 shield
rPois  .         Gourm    .     (no helmet)
rElec  .         Spirit   .     (no cloak)
rCorr  .         Warding  .     (no gloves)
rMut   .         Stasis   .     i - +0 pair of boots
MR     .....                    (no amulet)
Stlth  ..........               (no ring)
                                l - ring of protection from fire

@: mighty, not resistant to hostile enchantments, extremely unstealthy
A: sustain abilities
a: no special abilities


You were on level 3 of the Dungeon.
You were not hungry.

You visited 1 branch of the dungeon, and saw 3 of its levels.

You collected 91 gold pieces.

Inventory:

Hand weapons
 a - a +1 long sword (weapon)
Missiles
 h - a throwing net (quivered)
Armour
 b - a +0 scale mail (worn)
 c - a +1 shield (worn)
 i - a +0 pair of boots (worn)
Jewellery
 l - a ring of protection from fire (left hand)
Magical devices
 m - a wand of lightning (6)
Scrolls
 n - a scroll of remove curse
Potions
 d - a potion of ambrosia {unknown}
 e - a potion of might
 j - a potion of curing
Comestibles
 f - 2 beef jerkies
 k - a slice of pizza


   Skills:
 + Level 3.1 Fighting
 * Level 2.4 Long Blades
 + Level 3.3 Armour
 + Level 1.3 Dodging
 + Level 0.2 Stealth
 + Level 3.4 Shields


You had 3 spell levels left.
You didn't know any spells.

Dungeon Overview and Level Annotations

Branches:
Dungeon (3/15)


Innate Abilities, Weirdness & Mutations

Your attributes are resistant to harm.


Message History

The goliath beetle waves its antennae.
The goliath beetle bites you.
You hit the goliath beetle!
The goliath beetle is almost dead.
The goliath beetle bites you!
* * * LOW HITPOINT WARNING * * *
You barely miss the goliath beetle.
The goliath beetle is almost dead.
The goliath beetle closely misses you.
You hit the goliath beetle but do no damage.
The goliath beetle is almost dead.
You hit the goliath beetle but do no damage.
The goliath beetle is almost dead.
You block the goliath beetle's attack.
You hit the goliath beetle but do no damage.
The goliath beetle is severely wounded.
The goliath beetle waves its antennae.
The goliath beetle bites you!!
Ouch! That really hurt!
You die...

. ..# ### #.# ####.. #.#
#<##.# #.# #.##.#
##.####### #†##.#
.......#.# #.##.#####.#
.......#.######.@B.......#
..................########
............[..........
.................#####
................[#
###..##..........#
##)###.######### #..##.#
#####'##.#


You could see a goliath beetle.

Vanquished Creatures
  4 adders
  2 giant mites
  6 giant geckos
  An ooze (D:1)
  2 ball pythons
  7 bats
  A giant cockroach (D:1)
  2 goblins
  11 hobgoblins
  9 kobolds
  A quokka (D:3)
  7 giant newts
  4 jackals (D:1)
  4 rats
61 creatures vanquished.

Vanquished Creatures (others)
  A quokka (D:2)
  A goblin (D:2)
2 creatures vanquished.

Grand Total: 63 creatures vanquished

Notes
Turn   | Place    | Note
--------------------------------------------------------------
     0 | D:1      | valak23, the Demigod Fighter, began the quest for the Orb.
     0 | D:1      | Reached XP level 1. HP: 18/18 MP: 2/2
   134 | D:1      | Reached skill level 3 in Shields
   163 | D:1      | Reached XP level 2. HP: 15/25 MP: 3/3
   788 | D:1      | Reached XP level 3. HP: 20/30 MP: 5/5
   789 | D:1      | Reached skill level 1 in Dodging
  1420 | D:2      | Found a white marble altar of Elyvilon.
  1429 | D:2      | Reached XP level 4. HP: 38/38 MP: 7/7
  1482 | D:2      | Found a stormy altar of Qazlal.
  1617 | D:2      | Found a deep blue altar of Sif Muna.
  1724 | D:2      | Found a glowing golden altar of the Shining One.
  1933 | D:3      | Mangled by a goliath beetle

Action                   |  1- 3 |  4- 6 || total
-------------------------+-------+-------++-------
Melee: Long sword        |   165 |    84 ||   249
Throw: Throwing net      |     1 |       ||     1
  Use: Potion            |     5 |     2 ||     7
       Scroll            |     5 |     2 ||     7
 Stab: Invisible         |     2 |       ||     2
  Eat: Bread ration      |     1 |       ||     1
